| TOP OF THE 1ST |
|
Greensboro Grasshoppers batting - Pitching for Hartford Yard Goats : LHP Ryouhei Hosaka
|
|
Pitching: LHP Ryouhei Hosaka
|
|
|
Batting: RHB Tom Thompson
|
0-0: Ball 1-0: Foul Ball, location: 2F 1-1: Ball 2-1: Ball 3-1: Base on Balls
|
|
Batting: RHB Masumitsu Sugiura
|
0-0: Called Strike Tom Thompson steals 2nd base 0-1: Ball 1-1: Called Strike 1-2: Foul Ball, location: 2F 1-2: Ground out 3-1 (Groundball, 34S, EV 88.8 MPH) Tom Thompson to third
|
|
Batting: RHB Isaiah Brockman
|
0-0: Ball 1-0: Ball 2-0: Foul Ball, location: 2F 2-1: Swinging Strike 2-2: SINGLE (Line Drive, 7S, EV 86.9 MPH) Tom Thompson scores
|
|
Batting: RHB Jake Shelton
|
0-0: Swinging Strike 0-1: Fly out, F7 (Flyball, 78M, EV 86.9 MPH)
|
|
Batting: RHB Boof Howell
|
0-0: Called Strike 0-1: Ball Wild Pitch! Isaiah Brockman to second 1-1: Ball 2-1: Fly out, F9 (Flyball, 89S, EV 83.8 MPH)
|
| Top of the 1st over - 1 run, 1 hit, 0 errors, 1 left on base; Greensboro 1 - Hartford 0 |
| BOTTOM OF THE 1ST |
|
Hartford Yard Goats batting - Pitching for Greensboro Grasshoppers : RHP Tim Barnett
|
|
Pitching: RHP Tim Barnett
|
|
|
Batting: SHB Eddie Quinones
|
0-0: Fly out, F7 (Flyball, 7LD, EV 86.9 MPH)
|
|
Batting: SHB In-sung Lee
|
0-0: SINGLE (Line Drive, 4MD, EV 96.9 MPH)
|
|
Batting: RHB Justin Williams
|
0-0: Called Strike 0-1: Ball 1-1: Ball 2-1: Foul Ball, location: 2F 2-2: Strikes out swinging In-sung Lee steals 2nd base Batter strikes out.
|
|
Batting: RHB Kian-tat Chen
|
0-0: Called Strike 0-1: Swinging Strike 0-2: Strikes out swinging
|
| Bottom of the 1st over - 0 runs, 1 hit, 0 errors, 1 left on base; Greensboro 1 - Hartford 0 |
| TOP OF THE 2ND |
|
Greensboro Grasshoppers batting - Pitching for Hartford Yard Goats : LHP Ryouhei Hosaka
|
|
Batting: RHB Bob Raine
|
0-0: Ball 1-0: Ball 2-0: Ball 3-0: Base on Balls
|
|
Batting: RHB Wei-guo Tsu
|
0-0: Called Strike 0-1: Fielders Choice at 2nd, 6-4 (Groundball, 6S, EV 84.4 MPH)
|
|
Batting: RHB Chris Riddick
|
0-0: Swinging Strike 0-1: Swinging Strike 0-2: Strikes out looking
|
|
Batting: RHB Guillermo Rios
|
0-0: Called Strike 0-1: Ball 1-1: Ball 2-1: DOUBLE (Groundball, 5L, EV 104.4 MPH) Wei-guo Tsu to third
|
|
Batting: RHB Tom Thompson
|
0-0: Ball 1-0: Ball 2-0: Ground out U3 (Groundball, 3, EV 88.1 MPH)
|
| Top of the 2nd over - 0 runs, 1 hit, 0 errors, 2 left on base; Greensboro 1 - Hartford 0 |
| BOTTOM OF THE 2ND |
|
Hartford Yard Goats batting - Pitching for Greensboro Grasshoppers : RHP Tim Barnett
|
|
Batting: LHB Eddie Gonzalez
|
0-0: Foul Ball, location: 2F 0-1: Ball 1-1: Fly out, F4 (Line Drive, 4, EV 64.4 MPH)
|
|
Batting: RHB Eric Delgado
|
0-0: Called Strike 0-1: Ball 1-1: Called Strike 1-2: Strikes out swinging, 2-3 out at first.
|
|
Batting: RHB Randy Breitbart
|
0-0: Called Strike 0-1: Ball 1-1: Foul Ball, location: 2F 1-2: Ground out U3 (Groundball, 34S, EV 86.3 MPH)
|
| Bottom of the 2nd over - 0 runs, 0 hits, 0 errors, 0 left on base; Greensboro 1 - Hartford 0 |
| TOP OF THE 3RD |
|
Greensboro Grasshoppers batting - Pitching for Hartford Yard Goats : LHP Ryouhei Hosaka
|
|
Batting: RHB Masumitsu Sugiura
|
0-0: Called Strike 0-1: Foul Ball, location: 2F 0-2: SINGLE (Flyball, 4MD, EV 90.6 MPH)
|
|
Batting: RHB Isaiah Brockman
|
0-0: Called Strike 0-1: Called Strike 0-2: Ball 1-2: Strikes out swinging
|
|
Batting: RHB Jake Shelton
|
0-0: Ball Masumitsu Sugiura steals 2nd base 1-0: Foul Ball, location: 2F 1-1: Foul Ball, location: 2F 1-2: Strikes out swinging
|
|
Batting: RHB Boof Howell
|
0-0: Ball Wild Pitch! Masumitsu Sugiura to third 1-0: Fly out, F3 (Popup, 3F, EV 67.5 MPH)
|
| Top of the 3rd over - 0 runs, 1 hit, 0 errors, 1 left on base; Greensboro 1 - Hartford 0 |
| BOTTOM OF THE 3RD |
|
Hartford Yard Goats batting - Pitching for Greensboro Grasshoppers : RHP Tim Barnett
|
|
Batting: RHB Steve Waltenbery
|
0-0: Ball 1-0: Called Strike 1-1: Fly out, F9 (Flyball, 9S, EV 88.8 MPH)
|
|
Batting: LHB Mick Knopp
|
0-0: Called Strike 0-1: Fly out, F9 (Flyball, 9D, EV 85.6 MPH)
|
|
Batting: SHB Eddie Quinones
|
0-0: Ball 1-0: Foul Ball, location: 2F 1-1: Foul Ball, location: 2F 1-2: SINGLE (Groundball, 4D, EV 95.6 MPH)
|
|
Batting: SHB In-sung Lee
|
0-0: Called Strike Eddie Quinones steals 2nd base 0-1: Ball 1-1: Called Strike 1-2: Ball 2-2: Strikes out swinging
|
| Bottom of the 3rd over - 0 runs, 1 hit, 0 errors, 1 left on base; Greensboro 1 - Hartford 0 |
| TOP OF THE 4TH |
|
Greensboro Grasshoppers batting - Pitching for Hartford Yard Goats : LHP Ryouhei Hosaka
|
|
Batting: RHB Bob Raine
|
0-0: Called Strike 0-1: Ball 1-1: Swinging Strike 1-2: Ball 2-2: Ball 3-2: Foul Ball, location: 2F 3-2: Strikes out swinging, 2-3 out at first.
|
|
Batting: RHB Wei-guo Tsu
|
0-0: Ball 1-0: Swinging Strike 1-1: Swinging Strike 1-2: Ball 2-2: Foul Ball, location: 2F 2-2: Foul Ball, location: 2F 2-2: Strikes out swinging
|
|
Batting: RHB Chris Riddick
|
0-0: Ball 1-0: Ball 2-0: Foul Ball, location: 2F 2-1: Ball 3-1: Foul Ball, location: 2F 3-2: Foul Ball, location: 2F 3-2: Foul Ball, location: 2F 3-2: Base on Balls
|
|
Batting: RHB Guillermo Rios
|
0-0: Ball 1-0: Foul Ball, location: 2F 1-1: Foul Ball, location: 2F 1-2: Ball 2-2: Foul Ball, location: 2F 2-2: Ball 3-2: Base on Balls Chris Riddick to second
|
|
Batting: RHB Tom Thompson
|
0-0: Ball 1-0: Ball 2-0: Ball 3-0: Base on Balls Chris Riddick to third Guillermo Rios to second
|
|
Batting: RHB Masumitsu Sugiura
|
0-0: Called Strike 0-1: Foul Ball, location: 2F 0-2: Strikes out swinging
|
| Top of the 4th over - 0 runs, 0 hits, 0 errors, 3 left on base; Greensboro 1 - Hartford 0 |
| BOTTOM OF THE 4TH |
|
Hartford Yard Goats batting - Pitching for Greensboro Grasshoppers : RHP Tim Barnett
|
|
Batting: RHB Justin Williams
|
0-0: Ball 1-0: Ball 2-0: Ball 3-0: Base on Balls
|
|
Batting: RHB Kian-tat Chen
|
0-0: Ball 1-0: Foul Ball, location: 2F 1-1: Ball 2-1: Fly out, F9 (Flyball, 89S, EV 84.4 MPH)
|
|
Batting: LHB Eddie Gonzalez
|
0-0: Called Strike 0-1: SINGLE (Groundball, 34S, EV 65.0 MPH) (infield hit) Justin Williams to second
|
|
Batting: RHB Eric Delgado
|
0-0: Swinging Strike 0-1: Ball 1-1: Called Strike 1-2: Foul Ball, location: 2F 1-2: Fly out, F9 (Flyball, 9, EV 78.8 MPH)
|
|
Batting: RHB Randy Breitbart
|
0-0: Called Strike 0-1: Ball 1-1: Ground out 4-3 (Groundball, 4, EV 78.8 MPH)
|
| Bottom of the 4th over - 0 runs, 1 hit, 0 errors, 2 left on base; Greensboro 1 - Hartford 0 |
| TOP OF THE 5TH |
|
Greensboro Grasshoppers batting - Pitching for Hartford Yard Goats : LHP Ryouhei Hosaka
|
|
Pitching: RHP Joe Goodale
|
|
|
Batting: RHB Isaiah Brockman
|
0-0: Fly out, F8 (Flyball, 8LS, EV 86.9 MPH)
|
|
Batting: RHB Jake Shelton
|
0-0: Ball 1-0: SINGLE (Groundball, 6MD, EV 95.0 MPH)
|
|
Batting: RHB Boof Howell
|
0-0: Ball 1-0: Ball 2-0: Called Strike 2-1: Foul Ball, location: 2F 2-2: Foul Ball, location: 2F 2-2: Strikes out swinging
|
|
Batting: RHB Bob Raine
|
0-0: Ball 1-0: Ball 2-0: Foul Ball, location: 2F 2-1: Foul Ball, location: 2F 2-2: Strikes out swinging
|
| Top of the 5th over - 0 runs, 1 hit, 0 errors, 1 left on base; Greensboro 1 - Hartford 0 |
| BOTTOM OF THE 5TH |
|
Hartford Yard Goats batting - Pitching for Greensboro Grasshoppers : RHP Tim Barnett
|
|
Batting: RHB Steve Waltenbery
|
0-0: Called Strike 0-1: Foul Ball, location: 2F 0-2: Ball 1-2: SINGLE (Groundball, 56D, EV 96.3 MPH)
|
|
Batting: LHB Mick Knopp
|
0-0: Called Strike Steve Waltenbery steals 2nd base 0-1: Foul Ball, location: 2F 0-2: Ball 1-2: Ball 2-2: Foul Ball, location: 2F 2-2: Ball 3-2: Base on Balls
|
|
Batting: SHB Eddie Quinones
|
0-0: Fielders Choice at 2nd, 2-4 (Groundball, 2L, EV 70.0 MPH) Steve Waltenbery to third
|
|
Batting: SHB In-sung Lee
|
0-0: Ball 1-0: Called Strike Eddie Quinones steals 2nd base 1-1: Ball 2-1: 3-RUN HOME RUN (Flyball, 9LD, EV 98.1 MPH), Distance : 377 ft
|
|
Batting: RHB Justin Williams
|
0-0: Called Strike 0-1: Ball 1-1: Ball 2-1: Ball 3-1: Base on Balls
|
|
Batting: RHB Kian-tat Chen
|
0-0: Ball 1-0: Foul Ball, location: 2F 1-1: Called Strike Justin Williams steals 2nd base 1-2: Ground out 4-3 (Groundball, 4, EV 101.3 MPH) Justin Williams to third
|
|
Batting: LHB Eddie Gonzalez
|
0-0: SINGLE (Groundball, 6S, EV 66.3 MPH) (infield hit) Justin Williams scores
|
|
Batting: RHB Eric Delgado
|
0-0: Ball Eddie Gonzalez steals 2nd base 1-0: Ball 2-0: Foul Ball, location: 2F 2-1: Foul Ball, location: 2F 2-2: Fly out, F6 (Flyball, 6D, EV 88.1 MPH)
|
| Bottom of the 5th over - 4 runs, 3 hits, 0 errors, 1 left on base; Greensboro 1 - Hartford 4 |
| TOP OF THE 6TH |
|
Greensboro Grasshoppers batting - Pitching for Hartford Yard Goats : RHP Joe Goodale
|
|
Batting: RHB Wei-guo Tsu
|
0-0: Ball 1-0: Foul Ball, location: 2F 1-1: Ball 2-1: Ball 3-1: Base on Balls
|
|
Batting: RHB Chris Riddick
|
0-0: Ball 1-0: Swinging Strike 1-1: Fielders Choice at 2nd, 5-4 (Groundball, 56S, EV 83.8 MPH)
|
|
Batting: RHB Guillermo Rios
|
0-0: Ball 1-0: Ball 2-0: Ball 3-0: Called Strike 3-1: Swinging Strike 3-2: Strikes out looking Chris Riddick steals 2nd base Batter strikes out.
|
|
Batting: RHB Tom Thompson
|
0-0: Ball 1-0: Ball 2-0: Swinging Strike 2-1: DOUBLE (Line Drive, 7LS, EV 108.8 MPH) Chris Riddick scores
|
|
Batting: RHB Masumitsu Sugiura
|
0-0: Called Strike 0-1: Ball 1-1: Ball 2-1: Foul Ball, location: 2F 2-2: Ball 3-2: Strikes out looking
|
| Top of the 6th over - 1 run, 1 hit, 0 errors, 1 left on base; Greensboro 2 - Hartford 4 |
| BOTTOM OF THE 6TH |
|
Hartford Yard Goats batting - Pitching for Greensboro Grasshoppers : RHP Tim Barnett
|
|
Pitching: LHP Nick Gore
|
|
|
Batting: RHB Randy Breitbart
|
0-0: Ball 1-0: Ball 2-0: Ball 3-0: Called Strike 3-1: Ground out 6-3 (Groundball, 6, EV 88.8 MPH)
|
|
Batting: RHB Steve Waltenbery
|
0-0: Ball 1-0: Ground out 6-3 (Groundball, 6S, EV 88.8 MPH)
|
|
Batting: LHB Mick Knopp
|
0-0: Ball 1-0: Ground out 5-3 (Groundball, 56, EV 101.9 MPH)
|
| Bottom of the 6th over - 0 runs, 0 hits, 0 errors, 0 left on base; Greensboro 2 - Hartford 4 |
| TOP OF THE 7TH |
|
Greensboro Grasshoppers batting - Pitching for Hartford Yard Goats : RHP Joe Goodale
|
|
Pitching: LHP Ryan Morlan
|
|
|
Batting: RHB Isaiah Brockman
|
0-0: Called Strike 0-1: Foul Ball, location: 2F 0-2: Foul Ball, location: 2F 0-2: Ball 1-2: Foul Ball, location: 2F 1-2: Strikes out swinging
|
|
Batting: RHB Jake Shelton
|
0-0: Called Strike 0-1: Swinging Strike 0-2: Strikes out swinging
|
|
Batting: RHB Boof Howell
|
0-0: Called Strike 0-1: Called Strike 0-2: Strikes out looking
|
| Top of the 7th over - 0 runs, 0 hits, 0 errors, 0 left on base; Greensboro 2 - Hartford 4 |
| BOTTOM OF THE 7TH |
|
Hartford Yard Goats batting - Pitching for Greensboro Grasshoppers : LHP Nick Gore
|
|
Pitching: RHP Tamirat Abboud
|
|
|
Batting: SHB Eddie Quinones
|
0-0: Ball 1-0: Ball 2-0: Ground out U3 (Groundball, 34, EV 99.4 MPH)
|
|
Batting: SHB In-sung Lee
|
0-0: Ball 1-0: Ball 2-0: Ball 3-0: Called Strike 3-1: Foul Ball, location: 2F 3-2: Foul Ball, location: 2F 3-2: Strikes out swinging
|
|
Batting: RHB Justin Williams
|
0-0: Ball 1-0: Foul Ball, location: 2F 1-1: Ball 2-1: Ground out 4-3 (Groundball, 4, EV 83.8 MPH)
|
| Bottom of the 7th over - 0 runs, 0 hits, 0 errors, 0 left on base; Greensboro 2 - Hartford 4 |
| TOP OF THE 8TH |
|
Greensboro Grasshoppers batting - Pitching for Hartford Yard Goats : LHP Ryan Morlan
|
|
Pitching: RHP Travis Porter
|
|
|
Now at 1B: Brian Levensailor
|
|
|
Batting: RHB Bob Raine
|
0-0: Swinging Strike 0-1: Ground out 5-3 (Groundball, 5, EV 106.3 MPH)
|
|
Batting: RHB Wei-guo Tsu
|
0-0: Called Strike 0-1: Called Strike 0-2: Fly out, F8 (Flyball, 8RD, EV 83.8 MPH)
|
|
Batting: RHB Chris Riddick
|
0-0: Called Strike 0-1: Ball 1-1: Called Strike 1-2: Ball 2-2: Foul Ball, location: 2F 2-2: Foul Ball, location: 2F 2-2: Ground out 5-3 (Groundball, P, EV 83.1 MPH)
|
| Top of the 8th over - 0 runs, 0 hits, 0 errors, 0 left on base; Greensboro 2 - Hartford 4 |
| BOTTOM OF THE 8TH |
|
Hartford Yard Goats batting - Pitching for Greensboro Grasshoppers : RHP Tamirat Abboud
|
|
Pitching: LHP Joe Foster
|
|
|
Batting: RHB Kian-tat Chen
|
0-0: Ball 1-0: Foul Ball, location: 2F 1-1: Called Strike 1-2: Ball 2-2: Foul Ball, location: 2F 2-2: Ground out 6-3 (Groundball, 6, EV 91.3 MPH)
|
|
Batting: LHB Eddie Gonzalez
|
0-0: Swinging Strike 0-1: Ball 1-1: Swinging Strike 1-2: Ground out 5-3 (Groundball, 5L, EV 100.0 MPH)
|
|
Batting: RHB Eric Delgado
|
0-0: Swinging Strike 0-1: Ball 1-1: Called Strike 1-2: Ground out 6-3 (Groundball, 6, EV 90.6 MPH)
|
| Bottom of the 8th over - 0 runs, 0 hits, 0 errors, 0 left on base; Greensboro 2 - Hartford 4 |
| TOP OF THE 9TH |
|
Greensboro Grasshoppers batting - Pitching for Hartford Yard Goats : RHP Travis Porter
|
|
Pitching: LHP Greg Burngooch
|
|
|
Batting: RHB Guillermo Rios
|
0-0: Ball 1-0: SINGLE (Groundball, 6S, EV 73.1 MPH) (infield hit)
|
|
Pinch Runner at 1st Torquato Obawole:
|
|
|
Batting: RHB Tom Thompson
|
0-0: Foul Ball, location: 2F 0-1: Ball 1-1: Called Strike 1-2: Ball 2-2: Ball Passed Ball! Torquato Obawole to second 3-2: Strikes out looking
|
|
Batting: RHB Masumitsu Sugiura
|
0-0: Swinging Strike 0-1: Ball 1-1: Foul Ball, location: 2F 1-2: Foul Ball, location: 2F 1-2: Ball 2-2: Ball 3-2: Reached on error, E5 (Groundball, 56, EV 79.4 MPH) Torquato Obawole to third
|
|
Batting: RHB Isaiah Brockman
|
0-0: Fielders Choice at 2nd, 3-6 (Groundball, 3, EV 100.6 MPH) Torquato Obawole scores
|
|
Batting: RHB Jake Shelton
|
0-0: Ground out 4-3 (Groundball, 4, EV 85.0 MPH)
|
| Top of the 9th over - 1 run, 1 hit, 1 error, 1 left on base; Greensboro 3 - Hartford 4 |
|